[Event "ICC tourney 3015 (30 10)"]
[Site "Internet Chess Club"]
[Date "2022.09.24"]
[Round "1"]
[White "Doan Giang, Nguyen Doan:Doctorstrange04"]
[Black "Wu, Zhuoyuan:Jake000"]
[Result "1-0"]
[ICCResult "Black checkmated"]
[WhiteElo "1763"]
[BlackElo "1351"]
[Opening "Sicilian: closed, 2...Nc6"]
[ECO "B23"]
[NIC "SI.44"]
[Time "12:00:17"]
[PlyCount "97"]
[TimeControl "1800+10"]

1. e4 c5 2. Nc3 Nc6 3. Bb5 Nd4 4. Nf3 Nxb5 5. Nxb5 a6 6. Nc3 e6 7. d4 cxd4
8. Qxd4 Be7 9. O-O Nf6 10. Bg5 O-O 11. Rfd1 b6 12. e5 Nd5 13. Nxd5 exd5 14.
Bxe7 Qxe7 15. Qxd5 Ra7 16. Qd6 Qxd6 17. Rxd6 b5 18. Nd4 Rc7 19. c3 Bb7 20.
f4 Rfc8 21. Rd1 Kf8 22. Rd2 Ke8 23. Kf2 Bc6 24. Nxc6 dxc6 25. g4 Ke7 26. Kf3
a5 27. a3 Rb7 28. R2d4 Rcc7 29. f5 f6 30. Re6+ Kf7 31. exf6 gxf6 32. Rdd6 c5
33. Rxf6+ Kg7 34. Rc6 Rd7 35. Rfd6 c4 36. Rxd7+ Rxd7 37. Rc5 Rb7 38. h4 h6
39. Kf4 Rb6 40. g5 h5 41. Rc7+ Kh8 42. g6 b4 43. axb4 axb4 44. Rxc4 bxc3 45.
bxc3 Rb1 46. Kg5 Rg1+ 47. Kh6 Re1 48. Rc8+ Re8 49. Rxe8# {Black checkmated}
1-0

[Event "ICC tourney 3015 (30 10)"]
[Site "Internet Chess Club"]
[Date "2022.09.24"]
[Round "1"]
[White "PU, LANDON:landonp"]
[Black "SCHROMBECK, JON A:Gm374"]
[Result "1-0"]
[ICCResult "Black resigns"]
[WhiteElo "1586"]
[BlackElo "1164"]
[Opening "Philidor: exchange variation"]
[ECO "C41"]
[NIC "KP.08"]
[Time "12:00:17"]
[PlyCount "79"]
[TimeControl "1800+10"]

1. e4 e5 2. Nf3 d6 3. d4 exd4 4. Nxd4 Nf6 5. Nc3 c6 6. f3 Nbd7 7. Be3 Qa5 8.
Qd2 Ne5 9. Nb3 Qc7 10. Be2 Be6 11. h3 Nc4 12. Bxc4 Bxc4 13. Nd4 d5 14. Nf5
g6 15. Bf4 Qb6 16. b3 Ba6 17. Nd6+ Bxd6 18. Bxd6 dxe4 19. Qg5 Qd8 20. Be5
exf3 21. Bxf6 fxg2 22. Qe5+ Kf8 23. Rg1 Qe8 24. Bxh8 Qxe5+ 25. Bxe5 Re8 26.
O-O-O Rxe5 27. Rxg2 f5 28. Rgd2 h5 29. Rg2 Kg7 30. Rd7+ Kh6 31. Rd6 Re1+ 32.
Kb2 f4 33. Rgxg6+ Kh7 34. Rge6 Rg1 35. Re7+ Rg7 36. Rxg7+ Kxg7 37. Rd4 f3
38. Rf4 Bf1 39. Rxf3 Bg2 40. Rg3+ {Black resigns} 1-0

[Event "ICC tourney 3015 (30 10)"]
[Site "Internet Chess Club"]
[Date "2022.09.24"]
[Round "1"]
[White "Mehta, Aarav Amit:amitmehta22"]
[Black "MALAKAR, SAARTHAK:iamvoltu"]
[Result "0-1"]
[ICCResult "White checkmated"]
[WhiteElo "1292"]
[BlackElo "1693"]
[Opening "Caro-Kann: advance variation"]
[ECO "B12"]
[NIC "CK.04"]
[Time "12:00:24"]
[PlyCount "112"]
[TimeControl "1800+10"]

1. e4 c6 2. d4 d5 3. e5 Bf5 4. h4 h5 5. Bd3 Bxd3 6. Qxd3 e6 7. Bg5 Qb6 8.
Nd2 Be7 9. Ngf3 Na6 10. c3 c5 11. a3 Rc8 12. O-O Bxg5 13. Nxg5 cxd4 14. cxd4
Ne7 15. Rac1 Rxc1 16. Rxc1 g6 17. b4 O-O 18. Nb3 Nf5 19. Rc2 Nxh4 20. Qh3
Nf5 21. g4 Ng7 22. Qf3 Qd8 23. Qf4 Nb8 24. Nc5 Qe7 25. Nf3 hxg4 26. Qxg4 Nf5
27. Rc3 Kg7 28. Nd3 Nc6 29. Nf4 Rh8 30. Rd3 b5 31. Kf1 a5 32. bxa5 Nxa5 33.
Ng5 Kg8 34. Ngxe6 Rh1+ 35. Ke2 Qh4 36. Qg2 Nc6 37. Nxd5 Qh5+ 38. Qf3 Qxf3+
39. Kxf3 fxe6 40. Nf6+ Kf7 41. Kg2 Rh4 42. d5 Nxe5 43. dxe6+ Kxf6 44. Rb3
Nd4 45. Rb1 Kxe6 46. Rd1 Nef3 47. Rd3 Kf5 48. Rxf3+ Nxf3 49. Kxf3 Ra4 50.
Kg2 Rxa3 51. f4 b4 52. Kh1 b3 53. Kg2 b2 54. Kh2 b1=Q 55. Kg2 Qb2+ 56. Kh1
Ra1# {White checkmated} 0-1

[Event "ICC tourney 3015 (30 10)"]
[Site "Internet Chess Club"]
[Date "2022.09.24"]
[Round "1"]
[White "HAMLETT, JAMES MORRISON:Hamlett144"]
[Black "Mason, Mike W:MikeWMason"]
[Result "0-1"]
[ICCResult "White resigns"]
[WhiteElo "1232"]
[BlackElo "1587"]
[Opening "Sicilian: Grand Prix attack"]
[ECO "B23"]
[NIC "SI.44"]
[Time "12:00:38"]
[PlyCount "58"]
[TimeControl "1800+10"]

1. e4 c5 2. Nc3 Nc6 3. f4 g6 4. Nf3 Bg7 5. Bc4 e6 6. O-O Nge7 7. d3 O-O 8.
h4 d5 9. Bb5 Nd4 10. Ba4 a6 11. Bb3 b5 12. a3 Nxb3 13. cxb3 dxe4 14. dxe4
Bb7 15. Qe2 h5 16. Be3 Rc8 17. Rad1 Qc7 18. Ng5 Qc6 19. e5 Nf5 20. Nf3 Ng3
21. Qf2 Nxf1 22. Rxf1 f6 23. Qg3 Kh7 24. Ne2 Qe4 25. exf6 Qxe3+ 26. Rf2 Bxf3
27. gxf3 Bxf6 28. Kh2 Rcd8 29. Rg2 Rg8 {White resigns} 0-1

[Event "ICC tourney 3015 (30 10)"]
[Site "Internet Chess Club"]
[Date "2022.09.24"]
[Round "1"]
[White "SULTAN, BASHIR Cisse:muzikmixer"]
[Black "PEESA, RAHUL:RahulPeesa"]
[Result "1-0"]
[ICCResult "Black resigns"]
[WhiteElo "1643"]
[BlackElo "1269"]
[Opening "English opening"]
[ECO "A17"]
[NIC "EO.64"]
[Time "12:00:18"]
[PlyCount "79"]
[TimeControl "1800+10"]

1. c4 e6 2. Nc3 Nf6 3. Nf3 d5 4. e3 c6 5. b3 Nbd7 6. Qc2 Bd6 7. Bb2 O-O 8.
Be2 b6 9. cxd5 exd5 10. O-O Bb7 11. Nd4 Rc8 12. Nf5 Bb8 13. f4 Re8 14. Bf3
Ba6 15. Be2 Bxe2 16. Nxe2 c5 17. Rae1 Nf8 18. Neg3 Ne6 19. Qc3 d4 20. exd4
cxd4 21. Qf3 Rc2 22. Rb1 Bxf4 23. Nxd4 Nxd4 24. Qxf4 Ne6 25. Bxf6 gxf6 26.
Nf5 Qxd2 27. Qg4+ Qg5 28. Nh6+ Kg7 29. Nf5+ Kg8 30. Qxg5+ fxg5 31. Rf2 Rxf2
32. Kxf2 f6 33. Rd1 Nc5 34. b4 Ne4+ 35. Kf3 g4+ 36. Kf4 Kf7 37. Rd7+ Ke6 38.
Rxa7 Ng5 39. Ng7+ Kd5 40. Nxe8 {Black resigns} 1-0

[Event "ICC tourney 3015 (30 10)"]
[Site "Internet Chess Club"]
[Date "2022.09.24"]
[Round "1"]
[White "RAVIND G N, RICNESH:RickyCarlsen"]
[Black "WU, DARREN:chessboy111"]
[Result "1-0"]
[ICCResult "Black resigns"]
[WhiteElo "1700"]
[BlackElo "1318"]
[Opening "Saragossa opening"]
[ECO "A00"]
[NIC "VO.12"]
[Time "12:00:23"]
[PlyCount "99"]
[TimeControl "1800+10"]

1. c3 e5 2. d4 Nc6 3. d5 Nce7 4. e4 Ng6 5. Nf3 Nf6 6. Bg5 Bc5 7. Bxf6 Qxf6
8. g3 O-O 9. Bg2 d6 10. O-O Qe7 11. Nbd2 f5 12. b4 Bb6 13. exf5 Bxf5 14. Nc4
e4 15. Nd4 Bxd4 16. Qxd4 b6 17. Rae1 Rae8 18. Ne3 Bd7 19. Rc1 Qe5 20. Rc2
Qg5 21. c4 Qe7 22. c5 Bb5 23. Rfc1 Bd3 24. cxd6 cxd6 25. Rc7 Qf6 26. Qxf6
Rxf6 27. Rxa7 Ne5 28. Rcc7 Rf7 29. Bh3 Nf3+ 30. Kg2 Ne1+ 31. Kh1 Rxc7 32.
Rxc7 Nf3 33. Be6+ Kh8 34. Nf5 Rd8 35. Nxd6 Rf8 36. Rc8 Rxc8 37. Nxc8 Ng5 38.
Nxb6 Nxe6 39. dxe6 Kg8 40. Na4 Bb5 41. Nc5 Bc6 42. Kg1 Kf8 43. Kf1 Ke7 44.
Ke2 Kd6 45. Ke3 Bd5 46. a4 Bc6 47. a5 Bb5 48. Kd4 Bc6 49. a6 Ba8 50. b5
{Black resigns}
1-0

[Event "ICC tourney 3015 (30 10)"]
[Site "Internet Chess Club"]
[Date "2022.09.24"]
[Round "2"]
[White "Kolli, Anushka:Eagle2020"]
[Black "Doan Giang, Nguyen Doan:Doctorstrange04"]
[Result "0-1"]
[ICCResult "White checkmated"]
[WhiteElo "1478"]
[BlackElo "1763"]
[Opening "Sicilian: Alapin's variation (2.c3)"]
[ECO "B22"]
[NIC "SI.47"]
[Time "14:00:22"]
[PlyCount "94"]
[TimeControl "1800+10"]

1. e4 c5 2. c3 Nf6 3. e5 Nd5 4. d4 cxd4 5. Nf3 Nc6 6. cxd4 d6 7. Bc4 Nb6 8.
Bb3 dxe5 9. d5 Na5 10. Nxe5 Nxb3 11. Qxb3 Qxd5 12. Qxd5 Nxd5 13. Na3 f6 14.
Nec4 e5 15. O-O Be6 16. Nb5 b6 17. Rd1 Kf7 18. b3 Bc5 19. Ba3 Bxa3 20. Nbxa3
a6 21. Rac1 b5 22. Nd6+ Ke7 23. Ne4 Rhc8 24. Nc5 b4 25. Nxe6 Kxe6 26. Nc4
Nc3 27. Rd6+ Ke7 28. Rd2 Rd8 29. a3 Rxd2 30. Nxd2 Ne2+ 31. Kf1 Nxc1 32. axb4
Rb8 33. Nc4 Rxb4 34. Na5 Kd7 35. Ke1 Nxb3 36. Nxb3 Rxb3 37. g3 Rb2 38. Kf1
a5 39. h4 a4 40. Kg2 a3 41. g4 a2 42. h5 a1=Q 43. g5 Qe1 44. h6 Qxf2+ 45.
Kh3 Rb3+ 46. Kg4 Qg3+ 47. Kf5 Qf4# {White checkmated} 0-1

[Event "ICC tourney 3015 (30 10)"]
[Site "Internet Chess Club"]
[Date "2022.09.24"]
[Round "2"]
[White "Wu, Zhuoyuan:Jake000"]
[Black "SCHROMBECK, JON A:Gm374"]
[Result "1-0"]
[ICCResult "Black resigns"]
[WhiteElo "1351"]
[BlackElo "1164"]
[Opening "Petrov's defense"]
[ECO "C42"]
[NIC "RG.03"]
[Time "14:00:23"]
[PlyCount "109"]
[TimeControl "1800+10"]

1. e4 e5 2. Nf3 Nf6 3. Nxe5 Qe7 4. d4 d6 5. Nd3 Nxe4 6. Be2 Nc6 7. Be3 Bf5
8. Nd2 g6 9. Nxe4 Bxe4 10. O-O Bg7 11. c3 O-O-O 12. Bf3 f5 13. Bxe4 fxe4 14.
Nf4 d5 15. Qg4+ Qd7 16. Qxd7+ Kxd7 17. Nxd5 Kd6 18. Nf4 Ne7 19. Rfe1 Nf5 20.
Rad1 Rhg8 21. h3 Bh8 22. Bd2 Rde8 23. g3 g5 24. Ng2 h5 25. Ne3 Ke6 26. Nxf5
Kxf5 27. Re2 Rg6 28. Rde1 Rge6 29. f3 g4 30. hxg4+ hxg4 31. fxg4+ Kxg4 32.
Kg2 c6 33. Rf1 e3 34. Bc1 Rf6 35. Rxf6 Bxf6 36. Rxe3 Rxe3 37. Bxe3 a6 38.
Bf4 Bd8 39. Kf2 b5 40. Ke3 Bb6 41. Ke4 a5 42. Bd6 b4 43. cxb4 axb4 44. Bxb4
Kxg3 45. Bc5 Bc7 46. b4 Kg4 47. a4 Kg5 48. d5 Kf6 49. dxc6 Ke6 50. b5 Ba5
51. b6 Be1 52. b7 Bg3 53. a5 Kf7 54. Kd5 Ke8 55. Bd6 {Black resigns} 1-0

[Event "ICC tourney 3015 (30 10)"]
[Site "Internet Chess Club"]
[Date "2022.09.24"]
[Round "2"]
[White "PEESA, RAHUL:RahulPeesa"]
[Black "OLSON, NATHAN R:wildrumpus"]
[Result "1/2-1/2"]
[ICCResult "Game drawn by repetition"]
[WhiteElo "1269"]
[BlackElo "1423"]
[Opening "Queen's Indian defense"]
[ECO "A47"]
[NIC "QP.06"]
[Time "14:00:31"]
[PlyCount "156"]
[TimeControl "1800+10"]

1. d4 Nf6 2. Nf3 b6 3. Bg5 Bb7 4. Nbd2 Ne4 5. Nxe4 Bxe4 6. e3 h6 7. Bf4 e6
8. Bd3 d5 9. Ne5 Bd6 10. Bb5+ Kf8 11. f3 Bxe5 12. Bxe5 Bh7 13. Bd3 Bxd3 14.
Qxd3 Nd7 15. Bg3 c5 16. c3 Nf6 17. O-O Nh5 18. Be1 c4 19. Qc2 Qg5 20. f4 Qf5
21. Qe2 Nf6 22. Qf3 Qe4 23. f5 exf5 24. Qxf5 Qxe3+ 25. Kh1 Qe4 26. Bg3 Rd8
27. Qh3 Qg4 28. Qxg4 Nxg4 29. Rf4 h5 30. h3 Nh6 31. Raf1 Rd7 32. Rh4 Ng8 33.
Rf5 g6 34. Re5 f6 35. Rf4 Kg7 36. Re6 Re7 37. Rc6 g5 38. Rf5 h4 39. Bd6 Re6
40. Rxd5 Ne7 41. Rc7 Re8 42. Rxa7 Kg6 43. Bxe7 R8xe7 44. Rxe7 Rxe7 45. Rb5
Re6 46. Kg1 f5 47. d5 Rd6 48. Kf2 g4 49. Ke3 Kg5 50. Rb4 Rxd5 51. Rxc4 Re5+
52. Kf2 gxh3 53. gxh3 Re4 54. Rxe4 fxe4 55. Ke3 Kf5 56. b4 b5 57. a3 Ke5 58.
a4 bxa4 59. b5 a3 60. b6 a2 61. b7 a1=Q 62. b8=Q+ Kf6 63. Qf4+ Kg7 64. Qe5+
Kf8 65. Qf5+ Kg7 66. Qg4+ Kf8 67. Qf4+ Kg7 68. Qe5+ Kf8 69. Qd6+ Kg7 70.
Qe7+ Kg8 71. Qe8+ Kg7 72. Qd7+ Kg8 73. Qc8+ Kf7 74. Qb7+ Kg8 75. Qd5+ Kg7
76. Qd4+ Kf7 77. Qd5+ Kg7 78. Qe5+ Kf8 {Game drawn by repetition} 1/2-1/2

[Event "ICC tourney 3015 (30 10)"]
[Site "Internet Chess Club"]
[Date "2022.09.24"]
[Round "2"]
[White "ZHOU, ALEXANDER ZHENG:Lailaiking"]
[Black "SULTAN, BASHIR Cisse:muzikmixer"]
[Result "0-1"]
[ICCResult "White checkmated"]
[WhiteElo "1114"]
[BlackElo "1643"]
[Opening "Modern defense"]
[ECO "A40"]
[NIC "QO.17"]
[Time "14:01:14"]
[PlyCount "188"]
[TimeControl "1800+10"]

1. d4 g6 2. c4 Bg7 3. Nf3 d6 4. Nc3 a6 5. Bf4 c6 6. e4 Bg4 7. Be2 Qb6 8. Na4
Qa5+ 9. Bd2 Qc7 10. Be3 Nd7 11. h3 Bxf3 12. Bxf3 e5 13. d5 c5 14. Bg4 Ngf6
15. Bxd7+ Nxd7 16. Nc3 O-O 17. g4 Rab8 18. a4 f5 19. gxf5 gxf5 20. exf5 Rxf5
21. Rg1 Kh8 22. Qg4 Rf7 23. Qe6 Nf6 24. Rxg7 Kxg7 25. Ke2 Qd7 26. Rg1+ Kh8
27. Qxd7 Rxd7 28. Bg5 Rf8 29. a5 Rg7 30. Bxf6 Rxf6 31. Rxg7 Kxg7 32. Ne4 Rg6
33. Ng3 Kf7 34. h4 Ke7 35. Kf3 Rf6+ 36. Ke3 Rf4 37. b3 Kd7 38. h5 h6 39. Ne4
Rh4 40. Ng3 Kc7 41. Kd3 Rf4 42. Ke3 b6 43. axb6+ Kxb6 44. Ne4 Rxe4+ 45. Kxe4
Ka5 46. Kf5 Kb4 47. Kg6 Kxb3 48. Kxh6 a5 49. Kg7 a4 50. h6 a3 51. h7 a2 52.
h8=Q a1=Q 53. Qb8+ Kxc4 54. Qxd6 Qg1+ 55. Kh7 Qh2+ 56. Kg8 Qg2+ 57. Kh7 Qe4+
58. Kg7 Qg2+ 59. Kh7 Qh3+ 60. Kg8 Qg4+ 61. Kh8 Qh5+ 62. Kg7 Qg5+ 63. Kh7
Qf5+ 64. Kg7 Qg5+ 65. Kh7 Qh4+ 66. Kg7 Qg4+ 67. Kh7 Qe4+ 68. Kg7 Qxd5 69.
Qa6+ Kd4 70. Qa1+ Kc4 71. Qc1+ Kb5 72. Qb1+ Kc6 73. Qg6+ Kc7 74. Qa6 Qd7+
75. Kg8 Qc8+ 76. Qxc8+ Kxc8 77. Kf7 c4 78. Ke6 c3 79. Kxe5 c2 80. f4 c1=Q
81. f5 Kd8 82. f6 Ke8 83. Ke6 Qc6+ 84. Kf5 Kf7 85. Kg4 Kxf6 86. Kh5 Kf7 87.
Kh4 Qg6 88. Kh3 Qg5 89. Kh2 Qg4 90. Kh1 Kf6 91. Kh2 Kf5 92. Kh1 Kf4 93. Kh2
Kf3 94. Kh1 Qg2# {White checkmated} 0-1

[Event "ICC tourney 3015 (30 10)"]
[Site "Internet Chess Club"]
[Date "2022.09.24"]
[Round "2"]
[White "MALAKAR, SAARTHAK:iamvoltu"]
[Black "PU, LANDON:landonp"]
[Result "1-0"]
[ICCResult "Black resigns"]
[WhiteElo "1693"]
[BlackElo "1586"]
[Opening "Neo-Grünfeld, 6.cd Nxd5, 7.O-O c5, 8.Nc3"]
[ECO "D75"]
[NIC "GI.02"]
[Time "14:00:22"]
[PlyCount "71"]
[TimeControl "1800+10"]

1. d4 Nf6 2. Nf3 g6 3. g3 Bg7 4. Bg2 O-O 5. O-O d5 6. c4 c5 7. cxd5 Nxd5 8.
Nc3 Nxc3 9. bxc3 Nc6 10. Bb2 Bf5 11. d5 Na5 12. Nd2 b5 13. e4 Bc8 14. Qe2
Ba6 15. a4 Rb8 16. Rfc1 Qd6 17. axb5 Rxb5 18. Qe3 Nb3 19. Nc4 Qb8 20. Rxa6
Nxc1 21. Qxc1 Rb3 22. Bf1 Qc7 23. Qa1 Ra8 24. Qa4 Qb8 25. Ba3 Rxc3 26. Bxc5
Rc1 27. Rxa7 Rxa7 28. Qxa7 Qb1 29. Nd2 Qa1 30. Qb8+ Bf8 31. Bxe7 Qg7 32. d6
f5 33. d7 Qxe7 34. d8=Q Qc5 35. Qd5+ Qxd5 36. exd5 {Black resigns} 1-0

[Event "ICC tourney 3015 (30 10)"]
[Site "Internet Chess Club"]
[Date "2022.09.24"]
[Round "2"]
[White "Jones, Richard S:weakfish"]
[Black "HAMLETT, JAMES MORRISON:Hamlett144"]
[Result "1-0"]
[ICCResult "Black resigns"]
[WhiteElo "1378"]
[BlackElo "1232"]
[Opening "French: Tarrasch, closed variation"]
[ECO "C05"]
[NIC "FR.16"]
[Time "14:00:30"]
[PlyCount "97"]
[TimeControl "1800+10"]

1. e4 e6 2. d4 d5 3. Nd2 Nf6 4. e5 Nfd7 5. f4 c5 6. dxc5 Bxc5 7. Nb3 Bb6 8.
Nf3 Qe7 9. c3 Nc6 10. Bb5 Nc5 11. Nbd4 Bd7 12. Be3 Ne4 13. O-O a6 14. Bxc6
bxc6 15. Qe2 h6 16. Nd2 Nxd2 17. Qxd2 c5 18. Nb3 O-O-O 19. a4 d4 20. cxd4
cxd4 21. Bxd4 Bc6 22. Qc3 Kb7 23. Bxb6 Kxb6 24. Qa5+ Ka7 25. Rfc1 Rd5 26.
Qc3 Rc8 27. Qe3+ Kb8 28. Qb6+ Bb7 29. Rxc8+ Kxc8 30. Rc1+ Kb8 31. Na5 Rxa5
32. Qxa5 Qd7 33. Qc5 Qxa4 34. Qd6+ Ka7 35. Qd2 Qe4 36. Rd1 Qc6 37. Qd4+ Ka8
38. Qf2 Kb8 39. Rd8+ Kc7 40. Qd2 Qc5+ 41. Rd4 Kb8 42. Qe3 Qc6 43. Qd2 Qc5
44. h3 a5 45. Kh2 Qc6 46. Rd8+ Bc8 47. Qd6+ Qc7 48. Qxc7+ Kxc7 49. Rf8
{Black resigns}
1-0

[Event "ICC tourney 3015 (30 10)"]
[Site "Internet Chess Club"]
[Date "2022.09.24"]
[Round "2"]
[White "ANGEL, BORYS:BArkadia"]
[Black "RAVIND G N, RICNESH:RickyCarlsen"]
[Result "1-0"]
[ICCResult "Black resigns"]
[WhiteElo "1342"]
[BlackElo "1700"]
[Opening "Scandinavian: Pytel-Wade variation"]
[ECO "B01"]
[NIC "SD.02"]
[Time "14:00:23"]
[PlyCount "131"]
[TimeControl "1800+10"]

1. e4 d5 2. exd5 Qxd5 3. Nc3 Qd6 4. g3 Nf6 5. Bg2 c6 6. Nge2 Bg4 7. d4 e6 8.
O-O Qc7 9. a3 Bd6 10. b4 a6 11. Be3 Nbd7 12. Qd3 Bf5 13. Ne4 Nxe4 14. Bxe4
Bxe4 15. Qxe4 Nf6 16. Qf3 O-O 17. c4 e5 18. d5 e4 19. Qf5 cxd5 20. cxd5 Qc4
21. Nf4 Bxf4 22. Bxf4 Qxd5 23. Qh3 Rac8 24. Rfd1 Qh5 25. Qxh5 Nxh5 26. Bd6
Rfe8 27. Bc5 Nf6 28. Rd6 Rcd8 29. Rad1 Rxd6 30. Rxd6 h6 31. Kf1 Rc8 32. Ke2
a5 33. h3 axb4 34. axb4 Rc7 35. Ke3 Nd7 36. Bd4 f5 37. Kf4 Nf8 38. Kxf5 Re7
39. Bc5 g6+ 40. Kf4 Ne6+ 41. Ke3 Nxc5 42. bxc5 Kf7 43. Kd4 h5 44. Kc4 Kg7
45. Kb5 Kh6 46. Rd8 Kg5 47. Kb6 h4 48. g4 Kf4 49. Rf8+ Ke5 50. Rb8 Kd5 51.
Rd8+ Kc4 52. Rd6 g5 53. Rg6 Re5 54. Kxb7 Rxc5 55. Kb6 Re5 56. Kc6 Kd3 57.
Kd6 Ra5 58. Re6 Ra6+ 59. Ke5 Rxe6+ 60. Kxe6 Ke2 61. Ke5 Kf3 62. Kf5 Kxf2 63.
Kxe4 Kg3 64. Kf5 Kxh3 65. Kxg5 Kg2 66. Kxh4 {Black resigns} 1-0

[Event "ICC tourney 3015 (30 10)"]
[Site "Internet Chess Club"]
[Date "2022.09.24"]
[Round "3"]
[White "HAMLETT, JAMES MORRISON:Hamlett144"]
[Black "PEESA, RAHUL:RahulPeesa"]
[Result "0-1"]
[ICCResult "White resigns"]
[WhiteElo "1232"]
[BlackElo "1269"]
[Opening "Caro-Kann: advance variation"]
[ECO "B12"]
[NIC "CK.04"]
[Time "16:00:13"]
[PlyCount "48"]
[TimeControl "1800+10"]

1. e4 c6 2. d4 d5 3. e5 Bf5 4. f4 e6 5. Nf3 c5 6. c3 cxd4 7. cxd4 Nc6 8. Bd2
a6 9. a3 Nge7 10. b4 Bg4 11. Bc3 Nf5 12. Kf2 Qb6 13. Be2 Bxf3 14. gxf3 Ncxd4
15. Bxd4 Nxd4 16. Kg2 Nf5 17. Qa4+ Kd8 18. Nd2 Nh4+ 19. Kg3 Nf5+ 20. Kg2 Qe3
21. Qd1 Qxf4 22. Ne4 Ne3+ 23. Kf2 Nxd1+ 24. Raxd1 Be7 {White resigns} 0-1

[Event "ICC tourney 3015 (30 10)"]
[Site "Internet Chess Club"]
[Date "2022.09.24"]
[Round "3"]
[White "Jones, Richard S:weakfish"]
[Black "ZHOU, ALEXANDER ZHENG:Lailaiking"]
[Result "1-0"]
[ICCResult "Black checkmated"]
[WhiteElo "1378"]
[BlackElo "1114"]
[Opening "Ruy Lopez: Berlin defense, 4.O-O, d6"]
[ECO "C66"]
[NIC "RL.07"]
[Time "16:00:22"]
[PlyCount "107"]
[TimeControl "1800+10"]

1. e4 e5 2. Nf3 Nc6 3. Bb5 Nf6 4. O-O d6 5. h3 Be7 6. Re1 a6 7. Ba4 b5 8.
Bb3 h6 9. Nc3 g5 10. d4 exd4 11. Nxd4 Ne5 12. Nf5 Bxf5 13. exf5 c5 14. Bd5
Nxd5 15. Nxd5 h5 16. f4 gxf4 17. Bxf4 Bf6 18. Nxf6+ Qxf6 19. Qd5 Rd8 20.
Qc6+ Kf8 21. Bxe5 Qh6 22. Bxh8 Qxh8 23. Qc7 Kg7 24. Re7 Qf8 25. Rae1 Rc8 26.
Qxd6 c4 27. Qd7 b4 28. Re8 Qc5+ 29. Kh1 Rc7 30. f6+ Kxf6 31. Qd8+ Kg7 32.
Rg8+ Kh7 33. Rh8+ Kg6 34. Qg8+ Kf6 35. Rf1+ Ke6 36. Qe8+ Re7 37. Rh6+ Ke5
38. Rxh5+ Kd4 39. Rxc5 Rxe8 40. Rc7 Re2 41. Rc1 f5 42. Rd7+ Ke3 43. Re7+ Kd2
44. Rxe2+ Kxc1 45. c3 f4 46. cxb4 f3 47. gxf3 c3 48. bxc3 a5 49. bxa5 Kb1
50. a6 Ka1 51. a7 Kb1 52. a8=Q Ka1 53. Qa3 Kb1 54. Qb2# {Black checkmated}
1-0

[Event "ICC tourney 3015 (30 10)"]
[Site "Internet Chess Club"]
[Date "2022.09.24"]
[Round "3"]
[White "PU, LANDON:landonp"]
[Black "Wu, Zhuoyuan:Jake000"]
[Result "1-0"]
[ICCResult "Black resigns"]
[WhiteElo "1586"]
[BlackElo "1351"]
[Opening "Sicilian: dragon variation"]
[ECO "B70"]
[NIC "SI.15"]
[Time "16:00:02"]
[PlyCount "54"]
[TimeControl "1800+10"]

1. e4 c5 2. Nf3 d6 3. d4 cxd4 4. Nxd4 Nf6 5. Nc3 g6 6. Bc4 Bg7 7. Bb3 O-O 8.
f3 Nc6 9. Be3 Bd7 10. Qd2 Ne5 11. g4 Rc8 12. h4 Nc4 13. Bxc4 Rxc4 14. h5 Qa5
15. Nb3 Qc7 16. hxg6 fxg6 17. Bh6 b5 18. Bxg7 Kxg7 19. Qh6+ Kg8 20. g5 Nh5
21. Nd5 Qd8 22. O-O-O e6 23. Nf6+ Nxf6 24. gxf6 Rf7 25. Rxd6 Qxf6 26. Rhd1
Qe7 27. Rxd7 Rf8 {Black resigns} 1-0

[Event "ICC tourney 3015 (30 10)"]
[Site "Internet Chess Club"]
[Date "2022.09.24"]
[Round "3"]
[White "Mehta, Aarav Amit:amitmehta22"]
[Black "Kolli, Anushka:Eagle2020"]
[Result "1-0"]
[ICCResult "Black checkmated"]
[WhiteElo "1292"]
[BlackElo "1478"]
[Opening "French: Tarrasch, closed variation"]
[ECO "C05"]
[NIC "FR.17"]
[Time "16:00:08"]
[PlyCount "83"]
[TimeControl "1800+10"]

1. e4 e6 2. d4 d5 3. Nd2 Nf6 4. e5 Nfd7 5. Bd3 c5 6. c3 Nc6 7. Ne2 b6 8. O-O
Bb7 9. Nf3 Qe7 10. a3 g6 11. Re1 Bg7 12. Bg5 f6 13. exf6 Bxf6 14. Nf4 O-O
15. Nxd5 Qd6 16. Nxf6+ Nxf6 17. dxc5 Qxc5 18. Qb3 Nd8 19. Be3 Qh5 20. Be2
Ng4 21. h3 Nxe3 22. fxe3 Bxf3 23. Bxf3 Qg5 24. Bxa8 Rf6 25. c4 Qg3 26. Rf1
Rf5 27. Rxf5 gxf5 28. Rd1 Nf7 29. Qd3 Ng5 30. Qd8+ Kf7 31. Rd7+ Kg6 32. Qg8+
Kh6 33. Rxh7+ Nxh7 34. Qxg3 e5 35. Qxe5 a6 36. g4 b5 37. h4 bxc4 38. g5+ Kg6
39. Qe8+ Kg7 40. Qe7+ Kg6 41. Bc6 c3 42. Be8# {Black checkmated} 1-0

[Event "ICC tourney 3015 (30 10)"]
[Site "Internet Chess Club"]
[Date "2022.09.24"]
[Round "3"]
[White "Doan Giang, Nguyen Doan:Doctorstrange04"]
[Black "ANGEL, BORYS:BArkadia"]
[Result "1-0"]
[ICCResult "Black checkmated"]
[WhiteElo "1763"]
[BlackElo "1342"]
[Opening "Scotch: Mieses variation"]
[ECO "C45"]
[NIC "SO.04"]
[Time "16:00:10"]
[PlyCount "131"]
[TimeControl "1800+10"]

1. e4 e5 2. Nf3 Nc6 3. d4 exd4 4. Nxd4 Nf6 5. Nxc6 bxc6 6. e5 Ne4 7. Qf3 d5
8. exd6 Nxd6 9. Bd3 Be7 10. O-O O-O 11. Nc3 f5 12. Bf4 Be6 13. Rfe1 Bd7 14.
Rad1 Bf6 15. Na4 Re8 16. Rxe8+ Bxe8 17. Bxf5 Rb8 18. b3 Qe7 19. Bd3 Nb5 20.
Bd2 Nd4 21. Qh3 Bg6 22. Re1 Qd6 23. Bxg6 hxg6 24. c3 Nf5 25. Bc1 Rd8 26. Qg4
Qd3 27. Bg5 Bxg5 28. Qxg5 Qd1 29. Rf1 Qd6 30. h3 Re8 31. Qg4 Re5 32. Rd1 Qf6
33. Qc4+ Kh7 34. Nc5 Nd6 35. Qd4 Nb5 36. Nd7 Nxd4 37. Nxf6+ gxf6 38. Rxd4
Kh6 39. Kf1 Rd5 40. Rxd5 cxd5 41. Ke2 Kg5 42. Ke3 c5 43. b4 cxb4 44. cxb4
Kf5 45. Kd4 Ke6 46. a4 f5 47. b5 Kd6 48. a5 g5 49. a6 Kc7 50. Kxd5 Kb6 51.
Kc4 Kc7 52. Kc5 Kb8 53. b6 f4 54. b7 Kc7 55. Kd5 f3 56. gxf3 Kb8 57. Ke5 Kc7
58. f4 gxf4 59. h4 Kb8 60. h5 Kc7 61. h6 Kb8 62. h7 Kc7 63. h8=Q f3 64.
b8=Q+ Kc6 65. Qhe8+ Kc5 66. Qbb5# {Black checkmated} 1-0

[Event "ICC tourney 3015 (30 10)"]
[Site "Internet Chess Club"]
[Date "2022.09.24"]
[Round "3"]
[White "ZHUGE, KATHERINE:FlowingMelody"]
[Black "Mason, Mike W:MikeWMason"]
[Result "1/2-1/2"]
[ICCResult "Game drawn by repetition"]
[WhiteElo "1376"]
[BlackElo "1587"]
[Opening "Sicilian: Prins (Moscow) variation"]
[ECO "B55"]
[NIC "SI.01"]
[Time "16:00:31"]
[PlyCount "100"]
[TimeControl "1800+10"]

1. e4 c5 2. Nf3 d6 3. d4 cxd4 4. Nxd4 Nf6 5. f3 e5 6. Nb3 a6 7. c4 Nc6 8.
Nc3 Be7 9. Be3 Be6 10. Be2 O-O 11. O-O Rc8 12. Rc1 Na5 13. Nxa5 Qxa5 14. b3
b5 15. Nd5 Nxd5 16. cxd5 Bd7 17. Qd2 Qxd2 18. Bxd2 f5 19. Bd3 fxe4 20. fxe4
Rxc1 21. Rxc1 Rc8 22. Rxc8+ Bxc8 23. Kf2 Kf7 24. Ke1 g5 25. a4 Bd7 26. axb5
axb5 27. Ba5 Ke8 28. Bc7 Bf8 29. Kd2 Ke7 30. Kc3 Be8 31. Kb4 Kd7 32. Bb6 Kc8
33. Bxb5 Bg6 34. Bd3 Kb7 35. Be3 Be7 36. Kc3 Bd8 37. b4 h6 38. Bc2 Bb6 39.
Bxb6 Kxb6 40. Bd3 h5 41. Kd2 Be8 42. Kc3 Bg6 43. Kb3 Be8 44. h3 Bg6 45. Kc3
Be8 46. Be2 Bg6 47. Bd3 Bh7 48. Kb3 Bg6 49. Kc3 Bh7 50. Kb3 Bg6
{Game drawn by repetition}
1/2-1/2